 Dungeon Crawl Stone Soup version 0.19-a0-1626-g5215c36 (webtiles) character file.

32995 4thArraOfDagon the Grappler (level 13, 0/110 (111) HPs)
             Began as a Troll Warper on Sept 18, 2016.
             Was a High Priest of Sif Muna.
             Slain by an orc warrior
             ... wielding a +0 glaive
              (20 damage)
             ... on level 1 of the Orcish Mines.
             The game lasted 00:43:36 (8849 turns).

4thArraOfDagon the Grappler (Troll Warper)          Turns: 8849, Time: 00:43:37

HP:   0/110 (111)   AC:  5    Str: 27    XL:     13   Next: 34%
MP:   21/21         EV: 12    Int: 14    God:    Sif Muna [*****.]
Gold: 231           SH:  2    Dex:  9    Spells: 4 memorised, 11 levels left

rFire  . . .     SeeInvis .       - Unarmed
rCold  + + .     Gourm    +     J - troll hide
rNeg   . . .     Faith    .     (no shield)
rPois  +         Spirit   .     (helmet restricted)
rElec  .         Dismiss  .     (no cloak)
rCorr  .         Reflect  +     (gloves unavailable)
MR     .....     Harm     .     (boots unavailable)
Stlth  +.........               q - +2 amulet of reflection
                                B - ring of protection from cold
                                W - ring "Nen Add" {Ice Str+5 Int+3}

@: no status effects
A: unfitting armour, claws 3, blink, dopey 1, fire resistance 1, fast metabolism
3, frail 1, gourmand, poison resistance, regeneration 1, shaggy fur 1, tough
skin 2
a: Blink, Divine Energy, Channel Magic, Forget Spell, Renounce Religion


You were on level 1 of the Orcish Mines.
You worshipped Sif Muna.
Sif Muna was extremely pleased with you.
You were very full.

You visited 3 branches of the dungeon, and saw 18 of its levels.
You also visited: Ossuary and Bailey.

You collected 1405 gold pieces.
You spent 1174 gold pieces at shops.

Inventory:

Hand Weapons
 t - a +0 giant spiked club
 S - the +4 flail of Terror {holy, rN++ MR- Int+4}
   (You found it on level 1 of the Orcish Mines)

   It has been blessed by the Shining One to cause great damage to the undead
   and demons.
   It affects your intelligence (+4).
   It greatly protects you from negative energy.
   It affects your resistance to hostile enchantments.
 T - the +7 hand crossbow of Disintegration {elec, rC+ Str+4 SInv}
   (You found it on level 1 of the Orcish Mines)

   It charges the ammunition it shoots with electricity; occasionally upon a
   hit, such missiles may discharge and cause terrible harm.
   It affects your strength (+4).
   It protects you from cold.
   It lets you see invisible.
Missiles
 d - 4 tomahawks of dispersal
 g - 4 throwing nets
 i - 4 tomahawks
 A - 26 large rocks (quivered)
 X - 3 steel tomahawks
Armour
 a - a +1 robe
 z - a +0 robe
 I - a +2 robe of fire resistance
 J - a troll hide (worn)
 Y - a +1 robe of magic resistance
Magical Staves
 D - an uncursed staff of wizardry {!a}
 R - an uncursed staff of power {!a}
Jewellery
 j - an uncursed ring of stealth
 q - a +2 amulet of reflection (around neck)
 y - a +2 amulet of reflection
 B - a ring of protection from cold (right claw)
 P - a +1 ring of protection
 W - the ring "Nen Add" (left claw) {Ice Str+5 Int+3}
   (You acquired it on level 2 of the Orcish Mines)

   [ring of ice]

   It enhances your ice magic.
   It affects your strength (+5).
   It affects your intelligence (+3).
   It makes you vulnerable to fire.
   It protects you from cold.
Wands
 E - a wand of acid (0/15)
 G - a wand of iceblast (0/15)
 K - a wand of lightning (7/15)
 N - a wand of flame (19/48)
Scrolls
 c - a scroll of blinking
 k - 6 scrolls of remove curse
 l - a scroll of random uselessness
 m - 7 scrolls of teleportation
 o - a scroll of torment
 p - 2 scrolls of immolation
 s - 2 scrolls of identify
 x - 2 scrolls of fog
 F - a scroll of fear
 H - 2 scrolls of recharging
 O - 2 scrolls of magic mapping
Potions
 e - 3 potions of curing
 h - 3 potions of magic
 n - 2 potions of heal wounds
 r - 5 potions of flight
 u - 2 potions of brilliance
 w - a potion of degeneration
 U - a potion of agility
 V - a potion of might
Books
 b - a book of Spatial Translocations

   Spells                             Type                      Level
   a - Apportation                    Translocation                1
   b - Blink                          Translocation                2
   c - Shroud of Golubria             Charms/Translocation         2
   d - Portal Projectile              Translocation                3
   e - Teleport Other                 Translocation                3
   f - Passage of Golubria            Translocation                4
 L - a book of Clouds

   Spells                             Type                      Level
   a - Mephitic Cloud                 Conjuration/Poison/Air       3
   b - Conjure Flame                  Conjuration/Fire             3
   c - Poisonous Cloud                Conjuration/Poison/Air       6
   d - Freezing Cloud                 Conjuration/Ice/Air          6
   e - Ring of Flames                 Charms/Fire                  7
Miscellaneous
 Q - a box of beasts
Comestibles
 f - 9 bread rations
 v - 4 meat rations
 C - 6 slices of pizza
 M - a beef jerky


   Skills:
 - Level 7.0 Fighting
 - Level 0.8 Throwing
 - Level 7.0 Dodging
 - Level 14.0 Unarmed Combat
 + Level 6.0 Spellcasting
 - Level 2.1 Translocations
 * Level 9.6 Earth Magic
 + Level 2.9 Invocations


You had 11 spell levels left.
You knew the following spells:

 Your Spells              Type           Power        Failure   Level  Hunger
a - Apportation           Tloc           ##........   10%         1    None
b - Blink                 Tloc           N/A          12%         2    #......
c - Passage of Golubria   Tloc           N/A          77%         4    ####...
d - Iron Shot             Conj/Erth      ###.......   100%        6    #######


Dungeon Overview and Level Annotations

Branches:
Dungeon (15/15)            Temple (1/1) D:4            Lair (0/6) D:11
    Orc (2/2) D:11            Elf (0/3) Orc:2
 Vaults: D:13-14     Depths: D:15

Altars:
Dithmenos
Elyvilon
Fedhas
Gozag
Kikubaaqudgha
Okawaru
Sif Muna
Vehumet
Xom
Yredelemnul
Zin
Beogh

Shops:
Orc:2 ?!

Annotations:
D:1 1 exclusion


Innate Abilities, Weirdness & Mutations

You are too large for most types of armour.
You have claws for hands.
Your metabolism is lightning-fast.
You like to eat raw meat.
Your natural rate of healing is unusually fast.
You are covered in fur. (AC +1)
You have very tough skin. (AC +2)
You can translocate small distances at will.
You are dopey. (Int -2)
Your flesh is heat resistant. (rF+)
You are frail. (-10% HP)
Your system is resistant to poisons. (rPois)


Message History

The orc throws a tomahawk.
The tomahawk misses you.
The orc shouts!
Unknown command.
Unknown command.
Unknown command.
The orc wizard hits you but does no damage.
The orc warrior hits you from afar with a glaive!!
* * * LOW HITPOINT WARNING * * *
There is a stone staircase leading down, spattered with blood here.
Unknown command.
Unknown command.
Unknown command.
The orc wizard gestures at you while chanting.
The magic dart hits you!
The orc warlord roars a battlecry!
The orc goes into a battle-frenzy!
The orc hits you with a mace.
* * * LOW HITPOINT WARNING * * *
The orc warrior hits you from afar with a glaive!!
You die...

#.##.........................##.#
...##........................##)#
..#............(o............##.#
................oo.........P.##.#
..........#(..o..............##.#
......)......................##.#
#.#.............o............##..
##...........................####
................@o...........##))
.................oo..........##))
#.#..........................##))
##...............o....P......##).
##...†............#.........##).
#####..............#........####'
#.##.......#................##...
...##......##..............###...
#..................#.......###...


You could see an orc warlord, 2 orc warriors, an orc priest, an orc wizard and 4
orcs.

Vanquished Creatures
  A stone giant (Orc:1)
  3 centaur warriors
  An orc high priest (Orc:2)
  19 hill giants
  An orc knight (Orc:2)
  An orc sorcerer (Orc:1)
  An ugly thing (D:13)
  5 cyclopes
  2 manticores
  Psyche (D:8)
  3 kobold demonologists
  5 trolls
  2 two-headed ogres
  Grinder (D:3)
  A slime creature (D:11)
  2 hippogriffs
  2 shadows (D:14)
  The ghost of jacquesderrida the Slasher, an amateur VSSk (D:4)
  4 hogs (D:7)
  A wyvern (D:9)
  A human (D:7)
  10 yaks
  A basilisk (D:14)
  3 hungry ghosts
  3 vampire mosquitoes (D:14)
  5 wargs
  An ice beast (D:10)
  20 orc warriors
  A black bear (D:10)
  2 sky beasts
  An eye of draining (D:13)
  5 phantoms
  2 necrophages
  2 wolves (Orc:1)
  5 centaurs
  9 ogres
  A crocodile (D:14)
  A big kobold (D:12)
  5 bullfrogs
  A scorpion (D:10)
  6 killer bees
  17 wights
  2 howler monkeys
  An electric eel (D:10)
  4 crimson imps
  A quasit (D:8)
  5 centaur zombies
  3 bullfrog skeletons
  6 hounds
  15 orc priests
  3 jellies
  25 orc wizards
  Natasha (twice) (D:3)
  Terence (D:2)
  5 iguanas
  2 worker ants
  A statue (D:7)
  A hound skeleton (D:5)
  12 mummies (Ossuary)
  3 gnolls (D:8)
  9 adders
  2 river rats (D:4)
  3 shadow imps
  An adder skeleton (D:9)
  2 worms
  2 dart slugs (D:1)
  4 leopard geckos
  68 orcs
  2 giant cockroaches
  4 goblins (D:14)
  3 hobgoblins
  14 jackals
  2 quokkas
  A ball python (D:7)
  4 bats
  3 frilled lizards
  A giant cockroach zombie (D:5)
  4 gnoll skeletons (Ossuary)
  A goblin skeleton (Ossuary)
  8 kobolds
  A kobold skeleton (Ossuary)
  A leopard gecko zombie (D:7)
  2 orc skeletons (Ossuary)
  2 rats (D:4)
  11 rat skeletons (Ossuary)
406 creatures vanquished.

Vanquished Creatures (others)
  A bullfrog simulacrum (D:13)
  A kobold (D:12)
2 creatures vanquished.

Grand Total: 408 creatures vanquished

Notes
Turn   | Place    | Note
-------+----------+-------------------------------------------
     0 | D:1      | 4thArraOfDagon the Troll Warper began the quest for the Orb.
     0 | D:1      | Reached XP level 1. HP: 19/19 MP: 1/1
   198 | D:1      | Reached XP level 2. HP: 27/27 MP: 2/2
   259 | D:2      | Reached skill level 3 in Unarmed Combat
   285 | D:2      | Noticed Terence
   293 | D:2      | Killed Terence
   293 | D:2      | Reached XP level 3. HP: 33/33 MP: 3/3
   371 | D:3      | Noticed Natasha
   380 | D:3      | Killed Natasha
   380 | D:3      | Reached skill level 4 in Unarmed Combat
   380 | D:3      | Reached XP level 4. HP: 33/41 MP: 4/4
   422 | D:3      | Noticed Natasha
   431 | D:3      | Killed Natasha
   512 | D:4      | Reached skill level 5 in Unarmed Combat
   535 | D:4      | Found a staircase to the Ecumenical Temple.
   544 | Temple   | Entered the Ecumenical Temple
   552 | Temple   | Became a worshipper of Sif Muna the Loreminder
   588 | D:4      | Reached XP level 5. HP: 36/48 MP: 5/5
   617 | D:4      | Learned a level 2 spell: Blink
   632 | D:3      | Reached skill level 6 in Unarmed Combat
   762 | D:3      | Noticed Grinder
   804 | D:3      | Killed Grinder
   804 | D:3      | Reached skill level 7 in Unarmed Combat
   804 | D:3      | Reached XP level 6. HP: 30/55 MP: 6/6
   832 | D:3      | Found an ancient bone altar of Kikubaaqudgha.
  1101 | D:4      | Reached XP level 7. HP: 60/62 MP: 7/7
  1160 | D:4      | Found a glowing drain.
  1161 | D:4      | Noticed jacquesderrida's ghost (amateur VSSk)
  1163 | D:4      | 4thArraOfDagon: ja
  1172 | D:4      | Killed jacquesderrida's ghost
  1172 | D:4      | Reached skill level 8 in Unarmed Combat
  1204 | D:4      | timbw: rip jd
  1215 | D:5      | Entered Level 5 of the Dungeon
  1246 | D:5      | Learned a level 4 spell: Passage of Golubria
  1331 | D:5      | Reached skill level 9 in Unarmed Combat
  1341 | D:5      | Noticed a hungry ghost
  1359 | D:5      | Killed a hungry ghost
  1363 | D:5      | Reached XP level 8. HP: 72/72 MP: 7/9
  1839 | D:6      | Reached skill level 10 in Unarmed Combat
  1876 | D:6      | Reached * piety under Sif Muna
  1898 | D:6      | Found an opulent altar of Gozag.
  1926 | D:6      | Found a sand-covered staircase.
  1935 | Ossuary  | Entered an ossuary
  2107 | Ossuary  | Reached XP level 9. HP: 63/83 MP: 11/11
  2277 | D:6      | HP: 3/83 [wight/enchanted halberd (6)]
  2752 | D:7      | Reached skill level 11 in Unarmed Combat
  2866 | D:7      | Found a radiant altar of Vehumet.
  2931 | D:7      | Learned a level 6 spell: Iron Shot
  2975 | D:8      | Noticed Psyche
  3062 | D:7      | Found an iron altar of Okawaru.
  3164 | D:8      | Reached ** piety under Sif Muna
  3196 | D:8      | Reached XP level 10. HP: 35/94 MP: 14/14
  3285 | D:8      | Reached skill level 1 in Earth Magic
  3320 | D:8      | Found a blossoming altar of Fedhas.
  3478 | D:8      | Killed Psyche
  4006 | D:10     | Entered Level 10 of the Dungeon
  4312 | D:11     | Reached skill level 5 in Fighting
  4334 | D:11     | Found a staircase to the Lair.
  4375 | D:12     | Noticed a hill giant
  4384 | D:12     | Killed a hill giant
  4384 | D:12     | Reached skill level 5 in Dodging
  4384 | D:12     | Reached skill level 12 in Unarmed Combat
  4481 | D:12     | Reached *** piety under Sif Muna
  4584 | D:13     | Noticed a cyclops
  4607 | D:13     | Killed a cyclops
  4607 | D:13     | Reached XP level 11. HP: 84/104 MP: 16/16
  4654 | D:13     | Noticed a centaur warrior
  4681 | D:13     | Killed a centaur warrior
  4756 | D:13     | Noticed a five-headed hydra
  4815 | D:13     | Noticed a cyan ugly thing
  4870 | D:14     | Reached skill level 5 in Earth Magic
  4896 | D:14     | Found a basalt altar of Yredelemnul.
  4960 | D:14     | Found a flagged portal.
  4967 | Bailey   | Entered a bailey
  5122 | D:14     | Noticed a sixfirhy
  5158 | D:15     | Entered Level 15 of the Dungeon
  5277 | D:13     | Noticed a cyan ugly thing
  5281 | D:13     | Noticed a green ugly thing
  5349 | D:14     | Noticed a centaur warrior
  5352 | D:14     | Noticed a seven-headed hydra
  5359 | D:14     | Killed a centaur warrior
  5461 | D:13     | timbw: +1 ac rings
  5461 | D:13     | timbw: sigh
  5477 | D:13     | Noticed a hill giant
  5486 | D:13     | Killed a hill giant
  5486 | D:13     | Reached **** piety under Sif Muna
  5503 | D:13     | Noticed a centaur warrior
  5522 | D:13     | Killed a centaur warrior
  5531 | D:13     | Gained mutation: You can translocate small distances at will. [potion of mutation]
  5531 | D:13     | Gained mutation: You are dopey. (Int -2) [potion of mutation]
  5531 | D:13     | Gained mutation: You are frail. (-10% HP) [potion of mutation]
  5632 | D:13     | Killed a cyan ugly thing
  5632 | D:13     | Reached skill level 13 in Unarmed Combat
  5638 | D:13     | Gained mutation: Your system is resistant to poisons. (rPois) [mutagenic meat]
  5641 | D:13     | Gained mutation: Your flesh is heat resistant. (rF+) [mutagenic meat]
  5853 | D:10     | Reached XP level 12. HP: 92/102 MP: 18/18
  6219 | D:11     | jacquesderrida: DAGING
  6243 | D:11     | Found a staircase to the Orcish Mines.
  6261 | D:11     | jacquesderrida: f - 1897 gold the +9 armour of the Dragon King {rPois rF+ rC+ MR+}
  6280 | D:11     | jacquesderrida: You want...
  6288 | D:11     | jacquesderrida: ;^)
  6294 | D:11     | Reached skill level 5 in Spellcasting
  6446 | D:11     | 4thArraOfDagon: yessss
  6446 | D:11     | 4thArraOfDagon: give!
  6447 | Orc:1    | Entered Level 1 of the Orcish Mines
  6579 | Orc:1    | jacquesderrida: Here
  6595 | Orc:1    | jacquesderrida: Me give
  6901 | Orc:1    | Reached ***** piety under Sif Muna
  6959 | Orc:1    | Identified Woxoj's Volume of the Helpful Volcanoes (Sif Muna gifted it to you on level 1 of the Orcish Mines)
  6959 | Orc:1    | Received a gift from Sif Muna
  6963 | Orc:1    | jacquesderrida: WOW
  6971 | Orc:1    | jacquesderrida: THe large mans fortress
  7006 | Orc:1    | jacquesderrida: Gon b good
  7310 | Orc:1    | Reached skill level 14 in Unarmed Combat
  7324 | Orc:1    | Noticed a stone giant
  7346 | Orc:1    | jacquesderrida: wow that man is made of stone
  7399 | Orc:1    | Reached XP level 13. HP: 43/110 MP: 20/20
  7531 | Orc:1    | Killed a stone giant
  7531 | Orc:1    | Reached skill level 1 in Invocations
  7631 | Orc:1    | yes!
  7639 | Orc:1    | Got an ancient flail
  7641 | Orc:1    | Got a dazzling hand crossbow
  7652 | Orc:1    | Identified the +7 hand crossbow of Disintegration {elec, rC+ Str+4 SInv} (You found it on level 1 of the Orcish Mines)
  7653 | Orc:1    | Identified the +4 flail of Terror {holy, rN++ MR- Int+4} (You found it on level 1 of the Orcish Mines)
  7691 | Orc:2    | Entered Level 2 of the Orcish Mines
  7728 | Orc:2    | Found a roughly hewn altar of Beogh.
  7773 | Orc:2    | Found a roughly hewn altar of Beogh.
  7791 | Orc:2    | Found Notuwkir's Distillery.
  7797 | Orc:2    | Bought a potion of agility for 56 gold pieces
  7797 | Orc:2    | Bought a potion of might for 56 gold pieces
  7826 | Orc:2    | Found a staircase to the Elven Halls.
  7857 | Orc:2    | Found a roughly hewn altar of Beogh.
  8292 | Orc:2    | Found a roughly hewn altar of Beogh.
  8386 | Orc:2    | Found a roughly hewn altar of Beogh.
  8387 | Orc:2    | Found Ihebryoco's Magic Scroll Emporium.
  8481 | Orc:2    | Bought a scroll of magic mapping for 59 gold pieces
  8481 | Orc:2    | Bought a scroll of acquirement for 884 gold pieces
  8481 | Orc:2    | Bought a scroll of teleportation for 51 gold pieces
  8481 | Orc:2    | Bought a scroll of identify for 34 gold pieces
  8481 | Orc:2    | Bought a scroll of identify for 34 gold pieces
  8634 | Orc:2    | Got a flickering tin ring
  8635 | Orc:2    | Identified the ring "Nen Add" {Ice Str+5 Int+3} (You acquired it on level 2 of the Orcish Mines)
  8751 | Orc:2    | Noticed an orc warlord
  8849 | Orc:1    | Slain by an orc warrior

Vault maps used:
D:1:      dpeg_arrival_chambers_temple_mockup
D:2:      uniq_terence
D:3:      minitemple, first_bread, uniq_sigmund, uniq_natasha, uniq_grinder
D:4:      portal_sewer_entry_b, uniq_crazy_yiuf_cottage
D:5:      nicolae_ru_path_of_blood, serial_glass, glass_columns_b,
          glass_columns_c
D:6:      old_standard_altar, nicolae_ossuary_entry_monument,
          kennysheep_diamond, minivault_25
D:7:      vehumet_statue, grunt_livestock, kennysheep_okawaru_gauntlet
D:8:      basic_altar, uniq_psyche
D:10:     hex_intersection, stair_cage_cross, uniq_harold, uniq_snorg
D:11:     lair_0_dummy, orc_0_dummy, minivault_1
D:13:     minmay_cornered_nines, basic_altar
D:14:     cheibrodos_orc_bank, grunt_vaults_entry_fortified,
          yredelemnul_altar_generic, serial_glass, glass_columns_a,
          glass_columns_b, glass_columns_a, glass_columns_b, glass_columns_b,
          glass_columns_a, enter_bailey_3
D:15:     gammafunk_depths_entry_grave, serial_park_gazebo
Temple:   compressed_dpeg_circular_temple
Orc:1:    giant_chief_lemuel
Orc:2:    grunt_orc_community_town_hall, grunt_orc_community_big_house_1,
          grunt_orc_community_big_house_2, grunt_orc_community_house_3,
          grunt_orc_community_house_3, grunt_orc_community_house_2,
          grunt_orc_community_house_3, grunt_orc_community_house_3,
          grunt_orc_community_house_3, basic_altar
Ossuary:  ossuary_due_small_catacomb
Bailey:   bailey_polearm_5, bailey

Skill      XL: |  1  2  3  4  5  6  7  8  9 10 11 12 13 |
---------------+----------------------------------------+-----
Unarmed Combat | 3 4 5 7 9 10 11 12 13 14 | 14.0
Dodging        | 2 3 4 5 6 7 |  7.0
Fighting       | 2 3 4 5 6 7 |  7.0
Spellcasting   | 2 3 4 5 6 |  6.0
Earth Magic    | 4 6 8 9 |  9.6
Invocations    | 2 |  2.9
Throwing       | |  0.8
Translocations | |  2.1

Action                   |  1- 3 |  4- 6 |  7- 9 | 10-12 | 13-15 || total
-------------------------+-------+-------+-------+-------+-------++-------
Melee: Unarmed           |    38 |   107 |   357 |   648 |   267 ||  1417
       Punch             |     2 |     5 |    14 |    38 |    13 ||    72
Throw: Tomahawk          |       |     1 |       |       |       ||     1
       Large rock        |       |       |       |    14 |     2 ||    16
 Cast: Apportation       |       |       |       |     3 |       ||     3
Evoke: Wand              |       |       |       |     6 |       ||     6
  Use: Potion            |       |     1 |     3 |     8 |     1 ||    13
       Scroll            |       |     8 |     6 |    11 |     3 ||    28
 Stab: Sleeping          |       |       |     1 |     1 |     2 ||     4
       Invisible         |       |       |       |     6 |       ||     6
       Distracted        |       |       |       |       |     1 ||     1
  Eat: Chunk             |     2 |    11 |    33 |    48 |    17 ||   111
       Beef jerky        |       |       |       |     2 |       ||     2
       Pizza             |       |       |       |     1 |       ||     1
Armor: Robe              |    24 |    20 |    61 |    31 |       ||   136
       Skin              |       |       |    29 |    12 |     1 ||    42
       Troll hide        |       |       |       |    50 |    27 ||    77
Dodge: Dodged            |    27 |    54 |   138 |   271 |    84 ||   574
Block: Other             |       |       |       |    18 |    20 ||    38
       Reflection        |       |       |       |     2 |       ||     2
